2244 views
Uploaded 2022-04-26 00:34:05
Game version 1.32.10
22:04 long 3on3 ladder game on (8)Battleground_LV
Saved by Cabeelibob
2244 views
Uploaded 2022-04-26 00:34:05
Game version 1.32.10
22:04 long 3on3 ladder game on (8)Battleground_LV


103 units @ 14.9k
/ 1.6k
65 buildings @ 8.5k
/ 3.2k
| Peon | 6 | 450 | / | 0 |
| Grunt | 11 | 2200 | / | 0 |
| Troll Headhunter | 3 | 420 | / | 60 |
| Tauren | 6 | 1680 | / | 480 |
| Rifleman | 11 | 2255 | / | 330 |
| total: | 37 | 7005g | / | 870w |
| Watch Tower | 6 | 660 | / | 480 |
| War Mill | 1 | 205 | / | 0 |
| Altar of Storms | 1 | 180 | / | 50 |
| Orc Burrow | 4 | 640 | / | 160 |
| Barracks | 1 | 180 | / | 50 |
| Great Hall | 3 | 1155 | / | 555 |
| Tauren Totem | 1 | 135 | / | 155 |
| Beastiary | 1 | 145 | / | 140 |
| Stronghold | 1 | 315 | / | 190 |
| Fortress | 1 | 325 | / | 190 |
| Arcane Tower | 1 | 70 | / | 50 |
| Farm | 4 | 320 | / | 80 |
| total: | 22 | 3620g | / | 1670w |
| 0:06 | Peon |
| 0:06 | Peon |
| 0:07 | Peon |
| 0:07 | Peon |
| 0:07 | Peon |
| 0:08 | Peon |
| 0:52 | War Mill |
| 1:07 | Altar of Storms |
| 1:22 | Orc Burrow |
| 1:38 | Barracks |
| 1:50 | Orc Burrow |
| 3:04 | Orc Burrow |
| 3:10 | Orc Burrow |
| 3:19 | Grunt |
| 3:19 | Grunt |
| 3:20 | Grunt |
| 3:23 | Grunt |
| 4:02 | Watch Tower |
| 4:11 | Watch Tower |
| 4:17 | Troll Headhunter |
| 4:18 | Troll Headhunter |
| 4:27 | Troll Headhunter |
| 4:58 | Stronghold |
| 5:16 | Watch Tower |
| 5:35 | Watch Tower |
| 6:02 | Steel Melee Weapons |
| 6:37 | Steel Ranged Weapons |
| 7:06 | Watch Tower |
| 7:52 | Tauren Totem |
| 8:03 | Rifleman |
| 8:04 | Rifleman |
| 8:04 | Rifleman |
| 8:11 | Arcane Tower |
| 8:29 | Watch Tower |
| 9:28 | Fortress |
| 9:35 | Rifleman |
| 9:36 | Rifleman |
| 10:38 | Farm |
| 10:45 | Farm |
| 10:49 | Improved Lumber Harvesting |
| 10:50 | Improved Masonry |
| 11:36 | Farm |
| 11:44 | Farm |
| 11:48 | Rifleman |
| 11:48 | Rifleman |
| 12:04 | Pulverize |
| 12:06 | Tauren |
| 12:06 | Tauren |
| 12:07 | Tauren |
| 12:14 | Tauren |
| 12:50 | Tauren |
| 13:17 | Tauren |
| 13:51 | Beastiary |
| 14:33 | Rifleman |
| 14:33 | Rifleman |
| 14:33 | Rifleman |
| 14:34 | Rifleman |
| 14:57 | Berserker Upgrade |
| 15:13 | Troll Regeneration |
| 16:57 | Great Hall |
| 19:09 | Great Hall |
| 19:41 | Grunt |
| 19:41 | Grunt |
| 19:42 | Grunt |
| 19:42 | Grunt |
| 19:42 | Grunt |
| 19:42 | Grunt |
| 19:43 | Grunt |
| 20:36 | Great Hall |
| Select | 103 |
| Build/train/purchase | 51 |
| Right click | 31 |
| Misc. action | 1 |


| Scroll of Regeneration | 1 | 100 |
| Lesser Clarity Potion | 1 | 70 |
| Scroll of Healing | 1 | 250 |
| Boots of Speed | 1 | 250 |
| total: | 4 | 670g |
| Peasant | 31 | 2325 | / | 0 |
| Rifleman | 15 | 3075 | / | 450 |
| total: | 46 | 5400g | / | 450w |
| Scout Tower | 2 | 60 | / | 40 |
| Altar of Kings | 1 | 180 | / | 50 |
| Blacksmith | 1 | 140 | / | 60 |
| Farm | 9 | 720 | / | 180 |
| Barracks | 3 | 480 | / | 180 |
| Arcane Vault | 1 | 130 | / | 30 |
| Town Hall | 1 | 385 | / | 205 |
| Lumber Mill | 1 | 120 | / | 0 |
| Keep | 1 | 320 | / | 210 |
| total: | 19 | 2215g | / | 745w |
| 0:04 | Peasant |
| 0:09 | Altar of Kings |
| 0:16 | Peasant |
| 0:23 | Blacksmith |
| 0:27 | Peasant |
| 0:32 | Peasant |
| 0:38 | Farm |
| 0:45 | Peasant |
| 0:56 | Peasant |
| 1:03 | Peasant |
| 1:29 | Barracks |
| 1:44 | Peasant |
| 1:51 | Farm |
| 2:05 | Farm |
| 2:13 | Storm Bolt |
| 2:22 | Black Gunpowder |
| 2:32 | Rifleman |
| 2:52 | Barracks |
| 2:56 | Farm |
| 3:01 | Rifleman |
| 3:14 | Arcane Vault |
| 3:30 | Rifleman |
| 3:47 | Rifleman |
| 3:59 | Farm |
| 4:15 | Rifleman |
| 4:15 | Rifleman |
| 4:29 | Farm |
| 4:39 | Bash |
| 4:42 | Rifleman |
| 4:51 | Peasant |
| 4:51 | Peasant |
| 4:57 | Peasant |
| 5:36 | Town Hall |
| 5:46 | Peasant |
| 5:46 | Peasant |
| 5:46 | Peasant |
| 6:17 | Storm Bolt |
| 6:22 | Rifleman |
| 6:35 | Lumber Mill |
| 7:20 | Bash |
| 7:23 | Scroll of Healing |
| 7:26 | Boots of Speed |
| 7:34 | Keep |
| 7:55 | Scroll of Regeneration |
| 7:59 | Rifleman |
| 8:04 | Lesser Clarity Potion |
| 8:53 | Rifleman |
| 8:55 | Rifleman |
| 9:01 | Refined Gunpowder |
| 9:03 | Barracks |
| 9:21 | Rifleman |
| 9:21 | Rifleman |
| 9:28 | Rifleman |
| 9:55 | Farm |
| 9:56 | Farm |
| 9:57 | Farm |
| 10:01 | Imbued Gunpowder |
| 10:48 | Peasant |
| 10:48 | Peasant |
| 10:49 | Peasant |
| 11:02 | Long Rifles |
| 11:25 | Peasant |
| 11:25 | Peasant |
| 11:25 | Peasant |
| 11:26 | Peasant |
| 11:26 | Peasant |
| 11:26 | Peasant |
| 12:02 | Scout Tower |
| 12:03 | Scout Tower |
| 12:12 | Storm Bolt |
| 13:08 | Peasant |
| 13:08 | Peasant |
| 13:08 | Peasant |
| 13:08 | Peasant |
| 13:10 | Peasant |
| 13:33 | Peasant |
| 13:34 | Peasant |
| 13:34 | Peasant |
| 13:41 | Rifleman |
| 14:09 | Devotion Aura |
| 14:16 | Devotion Aura |
| Right click | 330 |
| Select | 224 |
| Select group | 94 |
| Build/train/purchase | 81 |
| Assign group | 75 |
| Misc. action | 66 |
| Use ability | 7 |
| Item give/drop | 4 |
| Minimap ping | 2 |
| Esc | 1 |

| Peasant | 12 | 900 | / | 0 |
| Rifleman | 8 | 1640 | / | 240 |
| total: | 20 | 2540g | / | 240w |
| Scout Tower | 2 | 60 | / | 40 |
| Arcane Tower | 1 | 70 | / | 50 |
| Altar of Kings | 4 | 720 | / | 200 |
| Farm | 11 | 880 | / | 220 |
| Barracks | 2 | 320 | / | 120 |
| Lumber Mill | 1 | 120 | / | 0 |
| Blacksmith | 3 | 420 | / | 180 |
| Arcane Vault | 1 | 130 | / | 30 |
| Keep | 1 | 320 | / | 210 |
| total: | 24 | 2650g | / | 790w |
| 0:02 | Peasant |
| 0:02 | Peasant |
| 0:06 | Altar of Kings |
| 0:07 | Altar of Kings |
| 0:07 | Altar of Kings |
| 0:07 | Altar of Kings |
| 0:09 | Farm |
| 0:09 | Barracks |
| 0:10 | Farm |
| 0:10 | Farm |
| 0:11 | Farm |
| 0:11 | Farm |
| 0:12 | Farm |
| 0:14 | Peasant |
| 0:24 | Lumber Mill |
| 0:36 | Peasant |
| 0:36 | Peasant |
| 0:55 | Peasant |
| 1:04 | Peasant |
| 1:17 | Blacksmith |
| 1:19 | Blacksmith |
| 1:20 | Blacksmith |
| 1:22 | Scout Tower |
| 1:27 | Peasant |
| 1:36 | Peasant |
| 1:51 | Barracks |
| 2:09 | Arcane Tower |
| 2:15 | Farm |
| 2:16 | Peasant |
| 2:28 | Peasant |
| 2:31 | Black Gunpowder |
| 3:00 | Peasant |
| 3:01 | Farm |
| 3:03 | Scout Tower |
| 3:08 | Rifleman |
| 3:09 | Holy Light |
| 3:25 | Rifleman |
| 3:43 | Rifleman |
| 4:01 | Arcane Vault |
| 4:19 | Rifleman |
| 5:03 | Keep |
| 5:20 | Devotion Aura |
| 5:25 | Rifleman |
| 5:37 | Rifleman |
| 6:00 | Rifleman |
| 6:14 | Farm |
| 6:18 | Holy Light |
| 6:23 | Farm |
| 6:25 | Studded Leather Armor |
| 6:47 | Farm |
| 6:50 | Improved Lumber Harvesting |
| 7:29 | Rifleman |
| 7:30 | Long Rifles |
| Right click | 281 |
| Select group | 230 |
| Select | 154 |
| Build/train/purchase | 36 |
| Misc. action | 29 |
| Assign group | 18 |
| Use ability | 4 |
| Esc | 3 |
| Minimap ping | 1 |
101 units @ 9.7k
/ 1.5k
133 buildings @ 10.6k
/ 5k
DudeWhy
(236)
(21:57) : 

| Staff of Sanctuary | 1 | 250 |
| total: | 1 | 250g |
| Peasant | 34 | 2550 | / | 0 |
| Mortar Team | 5 | 900 | / | 350 |
| Dragonhawk Rider | 2 | 400 | / | 60 |
| total: | 41 | 3850g | / | 410w |
| Scout Tower | 40 | 1200 | / | 800 |
| Guard Tower | 21 | 1470 | / | 1050 |
| Arcane Tower | 2 | 140 | / | 100 |
| Altar of Kings | 2 | 360 | / | 100 |
| Lumber Mill | 1 | 120 | / | 0 |
| Farm | 9 | 720 | / | 180 |
| Town Hall | 4 | 1540 | / | 820 |
| Blacksmith | 1 | 140 | / | 60 |
| Arcane Vault | 1 | 130 | / | 30 |
| Workshop | 1 | 140 | / | 140 |
| Gryphon Aviary | 1 | 140 | / | 150 |
| Keep | 1 | 320 | / | 210 |
| Castle | 1 | 360 | / | 210 |
| total: | 60 | 4490g | / | 2280w |
| 0:02 | Peasant |
| 0:05 | Altar of Kings |
| 0:16 | Peasant |
| 0:18 | Lumber Mill |
| 0:28 | Peasant |
| 0:33 | Farm |
| 0:35 | Peasant |
| 0:50 | Peasant |
| 1:06 | Farm |
| 1:12 | Scout Tower |
| 1:17 | Peasant |
| 1:26 | Improved Lumber Harvesting |
| 1:31 | Peasant |
| 1:42 | Guard Tower |
| 1:48 | Peasant |
| 1:54 | Peasant |
| 2:01 | Farm |
| 2:04 | Peasant |
| 2:06 | Storm Bolt |
| 2:13 | Peasant |
| 2:22 | Peasant |
| 2:35 | Scout Tower |
| 2:39 | Peasant |
| 2:59 | Peasant |
| 3:19 | Arcane Tower |
| 3:20 | Improved Masonry |
| 3:21 | Peasant |
| 3:21 | Peasant |
| 3:38 | Town Hall |
| 3:43 | Scout Tower |
| 3:45 | Scout Tower |
| 3:52 | Peasant |
| 4:14 | Arcane Tower |
| 4:19 | Peasant |
| 4:23 | Scout Tower |
| 4:32 | Peasant |
| 4:43 | Peasant |
| 4:43 | Peasant |
| 5:13 | Scout Tower |
| 5:14 | Scout Tower |
| 5:16 | Keep |
| 5:18 | Scout Tower |
| 5:18 | Scout Tower |
| 5:30 | Scout Tower |
| 5:30 | Guard Tower |
| 5:35 | Scout Tower |
| 5:35 | Scout Tower |
| 5:37 | Scout Tower |
| 5:38 | Scout Tower |
| 5:40 | Guard Tower |
| 5:41 | Guard Tower |
| 5:48 | Guard Tower |
| 5:49 | Guard Tower |
| 6:00 | Guard Tower |
| 6:01 | Scout Tower |
| 6:06 | Blacksmith |
| 6:10 | Guard Tower |
| 6:12 | Scout Tower |
| 6:16 | Scout Tower |
| 6:22 | Guard Tower |
| 6:25 | Scout Tower |
| 6:27 | Scout Tower |
| 6:38 | Bash |
| 6:38 | Bash |
| 6:44 | Guard Tower |
| 6:46 | Scout Tower |
| 6:48 | Guard Tower |
| 6:53 | Scout Tower |
| 6:58 | Scout Tower |
| 7:17 | Scout Tower |
| 7:19 | Scout Tower |
| 7:19 | Scout Tower |
| 7:20 | Scout Tower |
| 7:24 | Scout Tower |
| 7:25 | Scout Tower |
| 7:26 | Scout Tower |
| 7:26 | Scout Tower |
| 7:36 | Guard Tower |
| 7:38 | Black Gunpowder |
| 7:40 | Workshop |
| 7:44 | Advanced Lumber Harvesting |
| 7:44 | Peasant |
| 7:45 | Peasant |
| 7:48 | Guard Tower |
| 7:57 | Peasant |
| 7:57 | Peasant |
| 7:57 | Peasant |
| 8:04 | Guard Tower |
| 8:20 | Guard Tower |
| 8:22 | Scout Tower |
| 8:24 | Scout Tower |
| 8:26 | Guard Tower |
| 8:35 | Guard Tower |
| 8:44 | Holy Light |
| 8:53 | Guard Tower |
| 8:55 | Scout Tower |
| 8:56 | Scout Tower |
| 8:56 | Scout Tower |
| 9:33 | Castle |
| 9:38 | Farm |
| 9:59 | Guard Tower |
| 10:00 | Scout Tower |
| 10:01 | Scout Tower |
| 10:02 | Scout Tower |
| 10:04 | Scout Tower |
| 10:04 | Scout Tower |
| 10:10 | Refined Gunpowder |
| 10:23 | Farm |
| 10:30 | Flare |
| 10:30 | Mortar Team |
| 11:34 | Farm |
| 11:40 | Guard Tower |
| 11:44 | Guard Tower |
| 12:07 | Gryphon Aviary |
| 12:11 | Arcane Vault |
| 12:45 | Fragmentation Shards |
| 13:18 | Farm |
| 13:23 | Farm |
| 13:24 | Farm |
| 13:45 | Cloud |
| 13:45 | Dragonhawk Rider |
| 13:45 | Dragonhawk Rider |
| 14:56 | Town Hall |
| 15:08 | Peasant |
| 15:08 | Peasant |
| 15:33 | Staff of Sanctuary |
| 15:37 | Altar of Kings |
| 15:47 | Peasant |
| 15:48 | Peasant |
| 15:48 | Peasant |
| 15:48 | Peasant |
| 15:59 | Town Hall |
| 16:14 | Town Hall |
| 17:10 | Mortar Team |
| 17:10 | Mortar Team |
| 17:10 | Mortar Team |
| 17:10 | Mortar Team |
| 17:37 | Imbued Gunpowder |
| 17:55 | Peasant |
| 17:55 | Peasant |
| 18:41 | Storm Bolt |
| 19:56 | Divine Shield |
| Right click | 426 |
| Select | 259 |
| Select group | 173 |
| Build/train/purchase | 94 |
| Misc. action | 66 |
| Resource trade | 46 |
| Use ability | 29 |
| Assign group | 13 |
| Minimap ping | 3 |
| Item give/drop | 2 |
| Remove unit | 1 |



| Peasant | 14 | 1050 | / | 0 |
| Flying Machine | 21 | 2100 | / | 630 |
| Mortar Team | 5 | 900 | / | 350 |
| Priest | 1 | 135 | / | 10 |
| total: | 41 | 4185g | / | 990w |
| Scout Tower | 31 | 930 | / | 620 |
| Arcane Tower | 3 | 210 | / | 150 |
| Guard Tower | 6 | 420 | / | 300 |
| Altar of Kings | 1 | 180 | / | 50 |
| Farm | 19 | 1520 | / | 380 |
| Lumber Mill | 1 | 120 | / | 0 |
| Blacksmith | 1 | 140 | / | 60 |
| Cannon Tower | 4 | 480 | / | 400 |
| Workshop | 2 | 280 | / | 280 |
| Arcane Sanctum | 1 | 150 | / | 140 |
| Keep | 1 | 320 | / | 210 |
| Castle | 1 | 360 | / | 210 |
| total: | 56 | 3320g | / | 1530w |
| 0:03 | Peasant |
| 0:03 | Peasant |
| 0:07 | Altar of Kings |
| 0:10 | Farm |
| 0:15 | Peasant |
| 0:29 | Lumber Mill |
| 0:37 | Peasant |
| 0:54 | Farm |
| 0:59 | Peasant |
| 1:12 | Peasant |
| 1:32 | Peasant |
| 1:32 | Peasant |
| 1:54 | Peasant |
| 1:54 | Peasant |
| 1:54 | Peasant |
| 1:58 | Scout Tower |
| 2:03 | Improved Lumber Harvesting |
| 2:13 | Peasant |
| 2:27 | Arcane Tower |
| 2:41 | Storm Bolt |
| 3:15 | Scout Tower |
| 3:15 | Scout Tower |
| 3:17 | Scout Tower |
| 3:18 | Scout Tower |
| 3:22 | Peasant |
| 3:22 | Peasant |
| 3:27 | Scout Tower |
| 3:33 | Improved Masonry |
| 3:37 | Keep |
| 3:45 | Blacksmith |
| 3:54 | Guard Tower |
| 4:04 | Guard Tower |
| 4:08 | Scout Tower |
| 4:09 | Scout Tower |
| 4:13 | Scout Tower |
| 4:15 | Scout Tower |
| 4:21 | Scout Tower |
| 4:35 | Farm |
| 4:36 | Farm |
| 4:37 | Farm |
| 4:38 | Farm |
| 4:42 | Farm |
| 4:43 | Farm |
| 4:47 | Arcane Tower |
| 5:13 | Black Gunpowder |
| 5:18 | Guard Tower |
| 5:20 | Scout Tower |
| 5:21 | Scout Tower |
| 5:22 | Scout Tower |
| 5:24 | Scout Tower |
| 5:36 | Scout Tower |
| 5:38 | Scout Tower |
| 5:53 | Scout Tower |
| 5:54 | Scout Tower |
| 5:54 | Scout Tower |
| 6:00 | Guard Tower |
| 6:08 | Castle |
| 6:15 | Workshop |
| 6:19 | Workshop |
| 6:27 | Farm |
| 6:28 | Advanced Masonry |
| 6:30 | Refined Gunpowder |
| 6:48 | Scout Tower |
| 7:11 | Arcane Tower |
| 7:15 | Scout Tower |
| 7:29 | Flak Cannons |
| 7:32 | Iron Plating |
| 7:44 | Cannon Tower |
| 7:45 | Cannon Tower |
| 7:47 | Guard Tower |
| 7:54 | Scout Tower |
| 7:55 | Scout Tower |
| 8:48 | Imbued Gunpowder |
| 8:52 | Flying Machine Bombs |
| 8:55 | Flying Machine |
| 9:08 | Farm |
| 9:11 | Farm |
| 9:13 | Farm |
| 9:17 | Flying Machine |
| 9:17 | Flying Machine |
| 9:28 | Guard Tower |
| 9:35 | Imbued Masonry |
| 9:37 | Flying Machine |
| 9:38 | Flying Machine |
| 9:41 | Holy Light |
| 10:05 | Steel Plating |
| 10:07 | Flying Machine |
| 10:07 | Flying Machine |
| 10:15 | Scout Tower |
| 10:16 | Scout Tower |
| 10:26 | Flying Machine |
| 10:53 | Flying Machine |
| 10:55 | Flying Machine |
| 10:56 | Flying Machine |
| 11:00 | Cannon Tower |
| 11:12 | Cannon Tower |
| 11:22 | Flying Machine |
| 11:22 | Flying Machine |
| 11:34 | Mithril Plating |
| 11:36 | Flying Machine |
| 11:36 | Flying Machine |
| 11:36 | Flying Machine |
| 11:36 | Flying Machine |
| 11:36 | Flying Machine |
| 12:23 | Mortar Team |
| 12:27 | Flying Machine |
| 12:47 | Flying Machine |
| 12:47 | Flying Machine |
| 12:52 | Farm |
| 12:57 | Farm |
| 13:29 | Arcane Sanctum |
| 13:31 | Studded Leather Armor |
| 14:10 | Fragmentation Shards |
| 16:13 | Farm |
| 16:14 | Farm |
| 16:15 | Reinforced Leather Armor |
| 16:17 | Mortar Team |
| 16:17 | Mortar Team |
| 16:17 | Mortar Team |
| 16:22 | Storm Bolt |
| 17:01 | Farm |
| 17:01 | Farm |
| 17:03 | Magic Sentry |
| 19:04 | Divine Shield |
| 19:15 | Mortar Team |
| 19:30 | Bladestorm |
| 20:06 | Farm |
| 20:10 | Flame Strike |
| 21:05 | Priest Adept Training |
| 21:06 | Priest |
| 21:49 | Scout Tower |
| 21:50 | Scout Tower |
| 21:51 | Scout Tower |
| 21:52 | Scout Tower |
| 21:53 | Scout Tower |
| Right click | 600 |
| Select group | 345 |
| Select | 296 |
| Build/train/purchase | 86 |
| Assign group | 9 |
| Use ability | 7 |
| Esc | 4 |
| Minimap ping | 3 |
| Remove unit | 1 |
Cabeelibob
(194)
(21:57) : 

| Lesser Clarity Potion | 1 | 70 |
| Healing Salve | 1 | 100 |
| Staff of Teleportation | 1 | 150 |
| Boots of Speed | 1 | 250 |
| total: | 4 | 570g |
| Peon | 17 | 1275 | / | 0 |
| Raider | 2 | 360 | / | 80 |
| total: | 19 | 1635g | / | 80w |
| Watch Tower | 4 | 440 | / | 320 |
| Altar of Storms | 2 | 360 | / | 100 |
| Orc Burrow | 6 | 960 | / | 240 |
| War Mill | 1 | 205 | / | 0 |
| Great Hall | 1 | 385 | / | 185 |
| Voodoo Lounge | 1 | 130 | / | 30 |
| Spirit Lodge | 1 | 150 | / | 150 |
| Beastiary | 1 | 145 | / | 140 |
| Stronghold | 1 | 315 | / | 190 |
| Fortress | 1 | 325 | / | 190 |
| total: | 17 | 2775g | / | 1165w |
| 0:05 | Altar of Storms |
| 0:07 | Orc Burrow |
| 0:08 | Peon |
| 0:15 | Peon |
| 0:23 | Peon |
| 0:52 | Peon |
| 1:04 | Orc Burrow |
| 1:05 | Peon |
| 1:17 | War Mill |
| 1:24 | Peon |
| 1:33 | Peon |
| 1:41 | Peon |
| 2:03 | Peon |
| 2:11 | Wind Walk |
| 2:20 | Peon |
| 2:36 | Watch Tower |
| 3:01 | Peon |
| 3:33 | Great Hall |
| 3:37 | Voodoo Lounge |
| 3:54 | Watch Tower |
| 3:55 | Peon |
| 3:55 | Peon |
| 4:02 | Staff of Teleportation |
| 4:05 | Boots of Speed |
| 5:01 | Critical Strike |
| 5:08 | Watch Tower |
| 5:42 | Altar of Storms |
| 5:55 | Peon |
| 5:55 | Peon |
| 5:55 | Peon |
| 5:55 | Peon |
| 6:16 | Watch Tower |
| 7:10 | Stronghold |
| 8:04 | Orc Burrow |
| 9:06 | Orc Burrow |
| 9:53 | Fortress |
| 9:56 | Spirit Lodge |
| 10:39 | Critical Strike |
| 11:46 | Witch Doctor Adept Training |
| 12:22 | Wind Walk |
| 14:30 | Witch Doctor Master Training |
| 15:04 | Lesser Clarity Potion |
| 15:06 | Healing Salve |
| 15:39 | Critical Strike |
| 18:15 | Beastiary |
| 19:01 | Orc Burrow |
| 19:01 | Orc Burrow |
| 19:46 | Raider |
| 19:51 | Raider |
| 19:57 | Endurance Aura |
| 21:36 | Pillage |
| Right click | 499 |
| Select | 132 |
| Select group | 62 |
| Misc. action | 61 |
| Build/train/purchase | 54 |
| Resource trade | 45 |
| Chat | 45 |
| Item give/drop | 13 |
| Minimap ping | 6 |
| Assign group | 5 |
| Use ability | 2 |